 Dungeon Crawl Stone Soup version 0.15.1 (webtiles) character file.

60 DrPain the Sneak (level 3, -1/18 HPs)
             Began as a Spriggan Assassin on Sept 17, 2014.
             Slain by an orc
             ... wielding a +0 whip
              (7 damage)
             ... on Level 2 of the Dungeon.
             The game lasted 00:03:13 (1884 turns).

DrPain the Sneak (Spriggan Assassin)                Turns: 1884, Time: 00:03:13

HP  -1/18        AC  3     Str  7      XL: 3   Next: 80%
MP   6/6         EV 17     Int 12      God:
Gold 113         SH  0     Dex 18      Spells:  0 memorised,  2 levels left

rFire  . . .     SeeInvis +     w - +2 dagger
rCold  . . .     Clarity  .     c - +0 robe
rNeg   . . .     rCorr    .     (shield restricted)
rPois  .         rRot     .     (helmet restricted)
rElec  .         Spirit   .     d - +0 cloak
SustAb .         Warding  .     (gloves unavailable)
rMut   .         Stasis   .     (boots unavailable)
Gourm  .                        (no amulet)
MR     .....                    (no ring)
                                (no ring)

@: very quick, not resistant to hostile enchantments, stealthy
A: unfitting armour, see invisible, herbivore 3, speed 3, slow metabolism 2
a: no special abilities


You were on level 2 of the Dungeon.
You were not hungry.

You visited 1 branch of the dungeon, and saw 3 of its levels.

You collected 113 gold pieces.

Inventory:

Hand weapons
 f - a +0 blowgun
 w - a +2 dagger (weapon)
Missiles
 b - 2 curare-tipped needles
 e - 17 poisoned needles
Armour
 c - a +0 robe (worn)
 d - a +0 cloak (worn)
Comestibles
 j - 2 bread rations
Scrolls
 h - 7 scrolls of identify
Potions
 a - a potion of might
 g - a potion of porridge
 i - a potion of curing


   Skills:
 - Level 1.5 Fighting
 + Level 4.6 Short Blades
 - Level 2.1 Throwing
 - Level 1.5 Dodging
 - Level 5.8 Stealth


You had 2 spell levels left.
You didn't know any spells.

Dungeon Overview and Level Annotations

Branches:
Dungeon (3/15)

Altars:
Kikubaaqudgha
Sif Muna


Innate Abilities, Weirdness & Mutations

You are tiny and cannot use many weapons and most armour.
You have supernaturally acute eyesight.
You are a herbivore.
You cover ground extremely quickly.
You need consume almost no food.


Message History

The adder misses you.
The kobold throws a stone.
The stone barely misses you.
The stone hits the rat.
The rat completely misses you. The orc closely misses you.
The goblin hits you but does no damage. The adder barely misses you.
The kobold throws a stone.
The stone hits you but does no damage. The rat closely misses you.
The orc hits you with a whip. The adder bites you.
The goblin barely misses you.
You climb upwards.
There is a stone staircase leading down here.
You see here a cursed ring of teleportation.
You closely miss the rat. The rat completely misses you.
You closely miss the rat. The orc misses you. The goblin completely misses you.
You hit the rat but do no damage. The rat bites you. The orc barely misses you.
The goblin hits you with a dagger.
You barely miss the rat. The rat bites you but does no damage.
The orc hits you with a whip. The goblin closely misses you.
You closely miss the rat. The rat misses you.
You completely miss the rat. The goblin closely misses you.
The orc hits you with a whip!
You die...

#.#...#.# #.....#
#.#...#.## #.#####
#.##%....# #.#
#.##.....# #.#
#.##.....# #.#
#........# #.#
####.(S..# #.#
###r### #.#
##########@# #.#
#........og# #.#
## #.########.#
#.# #. #.# #.#
#.####. #.#
#.##########......
#.#
#....>........####
#.#
############.##
#.# #.#
###.######## #.#


You could see an adder, an orc, a goblin and a rat.

Vanquished Creatures
  2 adders (D:2)
  A worm (D:2)
  A giant gecko (D:1)
  A ball python (D:2)
  4 bats
  3 giant cockroaches
  6 goblins
  4 hobgoblins
  A quokka (D:2)
  6 giant newts
  3 kobolds (D:1)
  4 rats
36 creatures vanquished.

Notes
Turn   | Place    | Note
--------------------------------------------------------------
     0 | D:1      | DrPain, the Spriggan Assassin, began the quest for the Orb.
     0 | D:1      | Reached XP level 1. HP: 10/10 MP: 2/2
   309 | D:1      | Reached XP level 2. HP: 14/14 MP: 4/4
  1082 | D:2      | Reached XP level 3. HP: 16/18 MP: 6/6
  1197 | D:2      | Found an ancient bone altar of Kikubaaqudgha.
  1657 | D:2      | Found a deep blue altar of Sif Muna.
  1884 | D:2      | Slain by an orc

Action                   || total
-------------------------++-------
Melee: Dagger            ||   128
 Fire: Blowgun           ||     7
  Use: Potion            ||     4
       Scroll            ||     1
 Stab: Sleeping          ||     9
